 Dungeon Crawl Stone Soup version 0.30-a0-800-g7c544603b3 (webtiles) character file.

Game seed: 17340943850532242250

44 Aneyh the Insei (level 3, -1/30 HPs)
             Began as a Tengu Transmuter on Feb 23, 2023.
             Succumbed to an adder's poison
             ... on level 1 of the Dungeon.
             The game lasted 00:01:47 (859 turns).

Aneyh the Insei (Tengu Transmuter)                   Turns: 859, Time: 00:01:48

Health: -1/30      AC: 21    Str: 12    XL:     3   Next: 60%
Magic:  7/7        EV:  2    Int: 13    God:
Gold:   64         SH:  0    Dex: 14    Spells: 5/6 levels left

rFire   . . .      SeeInvis +      - Unarmed
rCold   . . .      Faith    .    (no shield)
rNeg    . . .      Spirit   .    (body armour currently unavailable)
rPois   +          Reflect  .    (helmet currently unavailable)
rElec   .          Harm     .    (cloak currently unavailable)
rCorr   .          Rampage  .    (gloves currently unavailable)
Will    .....      NoTele   +    (boots unavailable)
Stlth   +                        (no amulet)
HPRegen 0.25/turn                c - ring of see invisible
MPRegen 0.10/turn                (no ring)

@: lethally poisoned (-1 -> -13), tree-form
A: stationary, stasis, torment immunity, boosted hp, (beak), (talons 3)
a: no special abilities


You were on level 1 of the Dungeon.
You were a tree.
You visited 1 branch of the dungeon, and saw 2 of its levels.

You collected 64 gold pieces.

Inventory:

Missiles
 d - 5 poisoned darts (quivered)
Armour
 a - a +0 robe (melded)
Jewellery
 c - a ring of see invisible (left branch)
Scrolls
 f - 3 scrolls of teleportation {unknown}
Potions
 e - a potion of curing {unknown}
 g - a potion of flight {unknown}


   Skills:
 - Level 1.0 Fighting
 - Level 2.1 Dodging
 + Level 5.0 Unarmed Combat
 - Level 2.0 Spellcasting
 - Level 1.5 Transmutations


You had 5 spell levels left.
You knew the following spells:

 Your Spells              Type           Power      Damage    Failure   Level
a - Beastly Appendage     Tmut           10%        N/A       14%         1

Your spell library contained the following spells:

 Spells                   Type           Power      Damage    Failure   Level
 Wereblood                Tmut           5%         N/A       21%         2
 Spider Form              Tmut/Pois      3%         N/A       50%         3
 Ice Form                 Ice/Tmut       3%         N/A       88%         4


Dungeon Overview and Level Annotations

Branches:
Dungeon (2/15)

Altars:

Shops:
D:1 *


Innate Abilities, Weirdness & Mutations

You are a tree.
Your roots penetrate the ground, keeping you stationary.
You cannot be teleported.
You are immune to unholy pain and torment.
Your maximum health is greatly increased.
Your equipment is partially melded.
((You have a beak for a mouth.))
((You have claws for feet.))


Message History

You miss the adder.
You feel sick. The adder bites you. The quokka bites you.
The goblin closely misses you.
You feel sick. The adder bites you.
You are more poisoned.
The adder poisons you! The quokka misses you.
The goblin hits you with a +0 club.
You climb upwards.
* * * LOW HITPOINT WARNING * * *
You feel very sick.
There is a stone staircase leading down here.
Really quaff the potion of lignification?
Okay, then.
You closely miss the goblin. You claw the goblin.
You kill the goblin!
* * * LOW HITPOINT WARNING * * *
You feel sick. The adder bites you.
* * * LOW HITPOINT WARNING * * *
You are more poisoned.
The adder poisons you! The quokka closely misses you.
The adder closely misses you.
Your Unarmed Combat skill increases to level 5!
Really quaff the potion of lignification?
You turn into a tree.
Your +0 robe melds into your body.
Your roots penetrate the ground.
* * * LOW HITPOINT WARNING * * *
You feel sick.
The quokka bites you but does no damage.
The adder barely misses you.
You smack the adder!
The adder is severely wounded.
* * * LOW HITPOINT WARNING * * *
You feel sick.
The quokka bites you but does no damage.
The adder bites you.
* * * LOW HITPOINT WARNING * * *
You are more poisoned.
The adder poisons you!
You barely miss the adder.
The adder is severely wounded.
You die...

####........#..#
......#######..###########
###......................#
.....####......#########.#
###.####...............#.#
#.....##.......#..####.#†#
....#.#....#.#.#†.#..#.#.#
#.###.####.#.#.#..#..#.#.#
)..............r♣S#....#.#
..#.#.####.###.##)#.##.#.#
.##.#.#.....÷#.##.#....#.#
.##.#.#.##.#...##.######.#
.##.#.#.##.#.####........#
.##.#.#.##...............#
.##.#.#.####.##########.##
.##.#.#.# #.............#
....#.#.###..############


You could see an adder and a quokka.

Vanquished Creatures
  An adder (D:1)
  A dart slug (D:1)
  3 ball pythons (D:1)
  5 bats (D:1)
  4 endoplasms (D:1)
  A giant cockroach (D:1)
  A goblin (D:1)
  3 hobgoblins (D:1)
  3 kobolds (D:1)
  A quokka (D:1)
  A frilled lizard (D:1)
  5 rats (D:1)
29 creatures vanquished.

Notes
Turn   | Place    | Note
-------+----------+-------------------------------------------
     0 | D:1      | Aneyh the Tengu Transmuter began the quest for the Orb.
     0 | D:1      | Reached XP level 1. HP: 12/12 MP: 4/4
    13 | D:1      | You fall into a shaft and drop 1 floor!
    99 | D:1      | Reached XP level 2. HP: 4/16 MP: 6/6
   194 | D:1      | Reached skill level 4 in Unarmed Combat
   449 | D:1      | Reached XP level 3. HP: 11/20 MP: 7/7
   528 | D:1      | Found Hym Wut's Assorted Antiques.
   857 | D:1      | Reached skill level 5 in Unarmed Combat
   858 | D:1      | HP: 1/30 [adder (1)]
   859 | D:1      | Succumbed to an adder's poison

Illustrated notes

Levels and vault maps discovered:
D:1:      dpeg_arrival_rhombus, layout_basic, serial_shops, nicolae_shop_trees,
          bh_walls_and_bars
D:2:      layout_rooms, basic_altar, uniq_terence

Skill      XL: |  1  2  3 |
---------------+----------+-----
Unarmed Combat | 4 5 |  5.0
Fighting       | |  1.0
Dodging        | |  2.1
Spellcasting   | |  2.0
Transmutations | |  1.5

Action                     || total
---------------------------++-------
  Melee: Unarmed           ||    66
         Kick              ||    18
         Peck              ||     9
         Punch             ||     1
    Use: Potion            ||     1
 Armour: Robe              ||     5
         Skin              ||     2
  Dodge: Dodged            ||    57

Table legend: (Time is in decaauts)
 A = Elapsed time spent in this place.
 B = Non-inter-level travel time spent in this place.
 C = Inter-level travel time spent in this place.
 D = Time resting spent in this place.
 E = Time spent auto-exploring this place.
 F = Levels seen in this place.
 G = Mean time per level.
                   A        B        C        D        E       F      G
               +--------+--------+--------+--------+--------+-----+--------+
         Total |    854 |    827 |     27 |    155 |    478 |   2 |  427.0 |
       Dungeon |    854 |    827 |     27 |    155 |    478 |   2 |  427.0 |
               +--------+--------+--------+--------+--------+-----+--------+

Top non-repeatable levels by time:
     D:1: 832 daAuts
     D:2: 21 daAuts
